 Dungeon Crawl Stone Soup version 0.29.1-2-gbd0b4ee654 (webtiles) character file.

Game seed: 16933241027737896594

1576 GorkyZ the Shield-Bearer (level 9, 0/69 HPs)
             Began as a Formicid Fighter on Nov 20, 2022.
             Was an Initiate of Gozag.
             Shot with an arrow by a centaur (6 damage)
             ... on level 7 of the Dungeon.
             The game lasted 00:19:30 (7355 turns).

GorkyZ the Shield-Bearer (Formicid Fighter)         Turns: 7355, Time: 00:19:32

Health: 0/69       AC: 12    Str: 26    XL:     9   Next: 14%
Magic:  9/9        EV:  8    Int:  7    God:    Gozag
Gold:   313        SH:  5    Dex: 13    Spells: 8/8 levels left

rFire   . . .      SeeInvis +   g - +0 quarterstaff (venom)
rCold   . . .      Faith    .   c - +0 buckler
rNeg    + . .      Spirit   .   B - +0 chain mail
rPois   .          Reflect  .   (helmet unavailable)
rElec   .          Harm     .   (no cloak)
rCorr   .          Rampage  .   (no gloves)
Will    +....                   q - +1 pair of boots
Stlth   ..........              (no amulet)
HPRegen 0.21/turn               e - ring of willpower
MPRegen 0.11/turn               k - ring of positive energy

@: gold aura
A: permanent stasis, dig shafts and tunnels, antennae 3, four strong arms
a: Dig, Shaft Self, Renounce Religion, Potion Petition, Call Merchant, Bribe
Branch


You were on level 7 of the Dungeon.
You worshipped Gozag.
Gozag was aware of your devotion.
You visited 2 branches of the dungeon, and saw 8 of its levels.

You collected 417 gold pieces.
You paid 104 gold pieces to Gozag.

Inventory:

Hand Weapons
 a - a +0 quarterstaff of protection
 g - a +0 quarterstaff of venom (weapon)
 C - a +2 hand axe of venom
Missiles
 i - 6 poisoned darts (quivered)
Armour
 b - a +0 scale mail
 c - a +0 buckler (worn)
 q - a +1 pair of boots (worn)
 B - a +0 chain mail (worn)
Jewellery
 e - a ring of willpower (left hand)
 k - a ring of positive energy (right hand)
 w - an amulet of magic regeneration
 x - the ring "Soptacw" {Wiz Dex+5}
   (You found it on level 4 of the Dungeon)

   [ring of wizardry]

   It improves your spell success rate.
   Dex:       It affects your dexterity (+5).
 G - a +4 ring of evasion
Wands
 p - a wand of quicksilver (6)
 z - a wand of roots (12)
 A - a wand of paralysis (13)
Scrolls
 f - 2 scrolls of blinking
 h - a scroll of fear
 j - 2 scrolls of brand weapon
 m - a scroll of enchant armour
 o - 2 scrolls of amnesia
 r - a scroll of magic mapping
 v - a scroll of teleportation {unknown}
 y - a scroll of identify
Potions
 d - a potion of might
 l - a potion of invisibility
 n - 2 potions of curing {unknown}
 s - 2 potions of heal wounds {unknown}
 t - 2 potions of resistance {unknown}
 u - a potion of brilliance {unknown}
 D - a potion of flight {unknown}
 F - 2 potions of degeneration {unknown}


   Skills:
 + Level 5.8 Fighting
 + Level 3.1(3.6) Axes
 - Level 2.5(3.6) Polearms
 - Level 2.0(2.6) Staves
 + Level 4.0 Throwing
 + Level 5.9 Armour
 + Level 7.1 Shields
 + Level 4.5 Evocations


You had 8 spell levels left.
You didn't know any spells.
Your spell library contained the following spells:

 Spells                   Type           Power      Damage    Failure   Level
 Freeze                   Ice            0%         1d3       97%         1
 Frozen Ramparts          Ice            0%         1d1       100%        3
 Hailstorm                Conj/Ice       0%         3d3       100%        4


Dungeon Overview and Level Annotations

Branches:
Dungeon (7/15)             Temple (1/1) D:6

Altars:
Cheibriados
Dithmenos
Elyvilon
Fedhas
Gozag
Hepliaklqana
Kikubaaqudgha
Makhleb
Qazlal
Ru
Sif Muna
Uskayaw
Xom
Yredelemnul
The Shining One

Shops:
D:1 ?[   D:4 !([   D:6 (

Annotations:
D:4 2 runed translucent doors, GorkyZ's ghost, amateur DsFi
D:6 3 runed translucent doors, Xenoroth98's ghost, novice NaVM


Innate Abilities, Weirdness & Mutations

You cannot be hasted, slowed, berserked, paralysed or teleported.
You can dig through walls and to a lower floor.
You have a pair of large antennae on your head. (SInv)
Your four strong arms can wield two-handed weapons with a shield.


Message History

You are too injured to fight recklessly!
You are too injured to fight recklessly!
You are too injured to fight recklessly!
The water moccasin bites you.
You closely miss the water moccasin.
The water moccasin is severely wounded.
The water moccasin closely misses you.
You completely miss the water moccasin.
The water moccasin is severely wounded.
The water moccasin bites you but does no damage.
The water moccasin bites you!
* * * LOW HITPOINT WARNING * * *
You barely miss the water moccasin.
The water moccasin is severely wounded.
The water moccasin barely misses you. You block the water moccasin's attack.
You closely miss the water moccasin.
The water moccasin is severely wounded.
The water moccasin bites you.
* * * LOW HITPOINT WARNING * * *
You closely miss the water moccasin.
The water moccasin is severely wounded.
The water moccasin bites you but does no damage. x2
You barely miss the water moccasin.
The water moccasin is severely wounded.
The water moccasin bites you.
* * * LOW HITPOINT WARNING * * *
The water moccasin bites you but does no damage.
You closely miss the water moccasin.
The water moccasin is severely wounded.
The water moccasin bites you but does no damage.
You miss the water moccasin.
The water moccasin is severely wounded.
The water moccasin closely misses you. You block the water moccasin's attack.
You sock the water moccasin!
You kill the water moccasin!
The centaur shoots an arrow.
The arrow hits you.
* * * LOW HITPOINT WARNING * * *
The centaur shoots an arrow.
The arrow hits you.
You die...
Your body crumbles into a pile of gold.

. #.<# #.##.#######
#.....####.##.#######
#.###.##.............
#. #.##...##.##.####
#. #.##...##.# # .
........#.##.####.
#.##.....c........
#.##..#.#$##.##### #
#.#@# # ...........#
...............
.######.##.#### #.#
.# ... . ..# # ###


You could see a centaur.

Vanquished Creatures
  Pikel (D:6)
  Eustachio (D:6)
  A water moccasin (D:7)
  Duvessa (D:5)
  An ice beast (D:6)
  2 phantoms
  A lemure (D:6)
  A necrophage (D:4)
  3 scorpions (D:5)
  Dowan (D:5)
  2 hounds (D:5)
  A gnoll bouda (D:6)
  4 iguanas
  An orc wizard (D:4)
  5 adders
  3 gnolls (D:6)
  2 shadow imps
  2 worms
  2 dart slugs
  12 orcs
  6 endoplasms
  2 giant cockroaches
  5 hobgoblins
  2 jackals (D:2)
  3 quokkas
  2 training dummies (D:5)
  2 ball pythons
  9 bats
  6 frilled lizards
  3 goblins
  6 kobolds
  3 rats
  A spectral orc (D:3)
97 creatures vanquished.

Notes
Turn   | Place    | Note
-------+----------+-------------------------------------------
     0 | D:1      | GorkyZ the Formicid Fighter began the quest for the Orb.
     0 | D:1      | Reached XP level 1. HP: 18/18 MP: 1/1
   340 | D:1      | Found Vuerphauv's Magic Scroll Shop.
   440 | D:1      | Reached XP level 2. HP: 24/24 MP: 2/2
   754 | D:1      | Found Ileshr Rekk's Armour Emporium.
   897 | D:1      | Found a faded altar of an unknown god.
  1014 | D:2      | Reached skill level 1 in Polearms
  1014 | D:2      | Reached XP level 3. HP: 24/29 MP: 3/3
  1296 | D:2      | Reached skill level 1 in Evocations
  1744 | D:2      | Reached XP level 4. HP: 36/36 MP: 4/4
  2144 | D:3      | Reached skill level 1 in Throwing
  2183 | D:3      | Found a sacrificial altar of Ru.
  2548 | D:3      | Found a basalt altar of Yredelemnul.
  2790 | D:4      | Found Qikhlan's Antique Armour Boutique.
  2857 | D:4      | Found Voutalu's Weapon Shop.
  2941 | D:4      | Reached XP level 5. HP: 41/42 MP: 5/5
  3089 | D:4      | Identified the ring "Soptacw" {Wiz Dex+5}
  3142 | D:4      | Found Enwina's General Store.
  3203 | D:4      | Found Heahuem's Distillery.
  3484 | D:4      | Identified the +1 leather armour "Opedghoiw" {rPois}
  3597 | D:4      | Found a large runed translucent door.
  3597 | D:4      | Found a large runed translucent door.
  3603 | D:4      | Noticed GorkyZ's ghost (amateur DsFi)
  3690 | D:4      | Reached XP level 6. HP: 43/48 MP: 6/6
  3867 | D:5      | Entered Level 5 of the Dungeon
  3869 | D:5      | Noticed a fire elemental
  3890 | D:5      | Reached skill level 5 in Shields
  3918 | D:5      | Found a stormy altar of Qazlal.
  3920 | D:5      | Noticed an air elemental
  3920 | D:5      | Noticed a water elemental
  4159 | D:5      | Reached XP level 7. HP: 39/55 MP: 7/7
  4527 | D:5      | Reached skill level 1 in Axes
  4572 | D:5      | Found an ancient bone altar of Kikubaaqudgha.
  4717 | D:5      | Noticed Duvessa
  4717 | D:5      | Noticed Dowan
  4725 | D:5      | Killed Duvessa
  4727 | D:5      | Killed Dowan
  4728 | D:5      | Reached skill level 5 in Armour
  4728 | D:5      | Reached skill level 6 in Shields
  4728 | D:5      | Reached XP level 8. HP: 34/61 MP: 8/8
  5073 | D:6      | Found a staircase to the Ecumenical Temple.
  5089 | Temple   | Entered the Ecumenical Temple
  5097 | Temple   | Became a worshipper of Gozag Ym Sagoz the Greedy
  5291 | D:6      | Reached skill level 5 in Fighting
  5417 | D:6      | Noticed Eustachio
  5480 | D:6      | Killed Eustachio
  6301 | D:6      | Noticed Pikel
  6325 | D:6      | Killed Pikel
  6326 | D:6      | Reached XP level 9. HP: 34/69 MP: 9/9
  6504 | D:6      | Found a hide-covered altar of Uskayaw.
  6511 | D:6      | Reached skill level 7 in Shields
  6623 | D:6      | Found Wilyu's Antique Weapon Boutique.
  6643 | D:6      | Identified the +6 spear "Raunuv" {pain, rElec Will+ Str+7
                  | Dex+3}
  6937 | D:6      | Found a runed translucent gate.
  6938 | D:6      | Found a runed translucent gate.
  6938 | D:6      | Found a runed translucent gate.
  6941 | D:6      | Noticed Xenoroth98's ghost (novice NaVM)
  7355 | D:7      | Shot with an arrow by a centaur

Illustrated notes

Levels and vault maps discovered:
D:1:      amcnicky_arrival_gap_in_the_tavern_cellar, layout_loops_corners,
          shapermc_ecumenical_altar_mp_ritualfount, serial_shops,
          nicolae_shop_waterfront, nicolae_shop_behind_doors
D:2:      layout_loops_cross, serial_glass, glass_columns_c, glass_columns_b
D:3:      layout_basic, lemuel_doored_altar, yredelemnul_forgotten_temple_becter
D:4:      layout_basic, ebering_ghost_disaster_area, serial_shops,
          nicolae_stop_n_shop_2, shop, kennysheep_mini_moat, shop,
          corner_web_ring
D:5:      dreamdust_elfheim, layout_cave_pools,
          nicolae_qazlal_style_of_elements,
          mainiacjoe_overflow_concentric_impassable
D:6:      layout_loops_corners, overflow_temple_1_default,
          minmay_temple_entry_glassed_door, gammafunk_ghost_necromancy,
          nicolae_inconvenience_store, uniq_eustachio, uniq_pikel
D:7:      layout_basic, nicolae_overflow_crystal_walls, minmay_bent
Temple:   eino_temple_lava

Skill      XL: |  1  2  3  4  5  6  7  8  9 |
---------------+----------------------------+-----
Polearms       | 1 2 |  2.5
Evocations     | 1 2 3 4 |  4.5
Throwing       | 1 2 3 4 |  4.0
Fighting       | 4 5 |  5.8
Armour         | 4 5 |  5.9
Shields        | 5 6 7 |  7.1
Axes           | 1 3 |  3.1
Staves         | |  2.0

Action                   |  1- 3 |  4- 6 |  7- 9 || total
-------------------------+-------+-------+-------++-------
Melee: Quarterstaff      |    89 |   132 |    68 ||   289
       Hand axe          |       |       |   115 ||   115
Throw: Dart              |       |       |     7 ||     7
  Use: Scroll            |       |       |    12 ||    12
Armor: Scale mail        |    47 |    37 |       ||    84
       Chain mail        |       |     2 |   176 ||   178
Dodge: Dodged            |    50 |    43 |   104 ||   197
Block: Buckler           |    15 |    36 |    64 ||   115
